 Dungeon Crawl Stone Soup version 0.28.0-53-g5a82cb258f (webtiles) character file.

Game seed: 4874647395553316156

14 Plasmagod the Chucker (level 2, 0/31 HPs)
             Began as an Ogre Hunter on July 10, 2022.
             Was a Follower of Wu Jian.
             Succumbed to an adder's poison
             ... on level 2 of the Dungeon.
             The game lasted 00:06:40 (784 turns).

Plasmagod the Chucker (Ogre Hunter)                  Turns: 784, Time: 00:06:40

Health: 0/31       AC:  4    Str: 15    XL:     2   Next: 45%
Magic:  2/2        EV:  9    Int: 12    God:    Wu Jian [*.....]
Gold:   41         SH:  0    Dex:  9    Spells: 1/1 levels left

rFire   . . .      SeeInvis .   a - +1 short sword
rCold   . . .      Faith    .   (no shield)
rNeg    . . .      Spirit   .   b - +0 robe
rPois   .          Reflect  .   (helmet restricted)
rElec   .          Harm     .   g - +0 cloak
rCorr   .          Rampage  .   (gloves unavailable)
Will    .....                   (boots unavailable)
Stlth   +.........              (no amulet)
HPRegen 0.10/turn               (no ring)
MPRegen 0.08/turn               (no ring)

@: lethally poisoned (0 -> -4), invisible
A: large, unfitting armour, tough skin 1
a: Renounce Religion


You were on level 2 of the Dungeon.
You worshipped Wu Jian.
Wu Jian was aware of your devotion.
You visited 1 branch of the dungeon, and saw 2 of its levels.

You collected 41 gold pieces.

Inventory:

Hand Weapons
 a - a +1 short sword (weapon)
Missiles
 c - a large rock (quivered)
 d - 2 throwing nets
Armour
 b - a +0 robe (worn)
 g - a +0 cloak (worn)
Scrolls
 f - a scroll of acquirement {unknown}
 j - a scroll of enchant weapon
 k - a scroll of identify {unknown}
Potions
 h - a potion of haste {unknown}
 i - a potion of heal wounds {unknown}


   Skills:
 + Level 3.0 Fighting
 + Level 0.1 Short Blades
 + Level 4.5 Throwing
 + Level 1.7 Dodging
 + Level 0.6 Stealth


You had one spell level left.
You didn't know any spells.
Your spell library contained the following spells:

 Spells                   Type           Power      Damage    Failure   Level
 Portal Projectile        Hex/Tloc       0%         N/A       69%         3
 Blade Hands              Tmut           0%         N/A       100%        5
 Excruciating Wounds      Necr           0%         N/A       100%        5


Dungeon Overview and Level Annotations

Branches:
Dungeon (2/15)

Altars:
Wu Jian

Shops:
D:1 (


Innate Abilities, Weirdness & Mutations

You are too large for most types of armour.
You have tough skin. (AC +1)


Message History

The adder bites you but does no damage. The adder closely misses you.
You barely miss the adder.
You feel sick. The adder closely misses you.
You closely miss the adder.
You feel sick. The adder bites you. The quokka barely misses you.
A worm comes into view.
The adder bites you.
You hit the adder.
The adder is moderately wounded.
You feel sick. The quokka bites you. The adder barely misses you.
The quokka bites you.
You closely miss the adder.
The adder is moderately wounded.
You feel sick.
You are no longer poisoned.
The adder closely misses you. The quokka barely misses you.
The adder bites you but does no damage.
Throw: 2 large rocks
Press: ? - help, Q - select action, (/) - cycle Shift-Dir - straight line, f/p - adder
Aim: an adder (moderately wounded, 38% to hit)
You throw a large rock. The large rock misses the adder.
The large rock barely misses the worm.
The quokka bites you.
* * * LOW HITPOINT WARNING * * *
The adder bites you.
* * * LOW HITPOINT WARNING * * *
The quokka bites you.
* * * LOW HITPOINT WARNING * * *
The adder bites you.
* * * LOW HITPOINT WARNING * * *
You are lethally poisoned!
The adder poisons you!
It was a potion of invisibility.
You fade into invisibility!
* * * LOW HITPOINT WARNING * * *
You feel sick. The quokka barely misses you. The adder barely misses you.
You spin and attack the quokka.
You strike the helpless quokka from behind!
You hit the quokka.
The quokka is almost dead.
You die...

.. .. ##### .# .##
#####...# .# ..#
.......##.#
#.#######.....#..#
#.##........# #.##. .
#.##........##.....
....##...............#
......Sr@......#.##..##
.......#####<..#.##.####
....... ##............#
(..w... .........####...
....... .........## ##
....... #...#.....#
(...### ##.##.##
#.....######
#.##.....(..


You could see a worm, an adder and a quokka.

Vanquished Creatures
  A dart slug (D:1)
  A bat (D:1)
  An endoplasm (D:1)
  2 hobgoblins (D:1)
  A quokka (D:2)
  A ball python (D:1)
  2 kobolds (D:1)
  4 rats (D:1)
13 creatures vanquished.

Notes
Turn   | Place    | Note
-------+----------+-------------------------------------------
     0 | D:1      | Plasmagod the Ogre Hunter began the quest for the Orb.
     0 | D:1      | Reached XP level 1. HP: 22/22 MP: 1/1
   170 | D:1      | Reached XP level 2. HP: 28/31 MP: 2/2
   334 | D:1      | Found Jamour's Weapon Boutique.
   621 | D:1      | Found a faded altar of an unknown god.
   624 | D:1      | Prayed at the altar of an unknown god.
   624 | D:1      | Became a worshipper of the Wu Jian Council
   624 | D:1      | Reached * piety under Wu Jian
   783 | D:2      | HP: 1/31 [poisoned by an adder]
   784 | D:2      | Succumbed to an adder's poison

Illustrated notes

Levels and vault maps discovered:
D:1:      sevenhm_arrival_forest_fort_small_3, layout_loops_cross, serial_shops,
          nicolae_lakefront_shop, basic_ecumenical_altar, lemuel_old_faithful
D:2:      layout_rooms

Skill      XL: |  1 |
---------------+----+-----
Fighting       | 3 |  3.0
Short Blades   | |  0.1
Throwing       | |  4.5
Dodging        | |  1.7
Stealth        | |  0.6

Action                   || total
-------------------------++-------
Melee: Short sword       ||    13
Throw: Large rock        ||    19
Invok: Whirlwind         ||     1
  Use: Scroll            ||     1
       Potion            ||     1
 Stab: Invisible         ||     1
Armor: Robe              ||     4
Dodge: Dodged            ||    11
